NASHVILLE vs NEW YORK R

Created - April 17, 2021 at 16:09

Goals
1 2 3 T
NASHVILLE 0 1 1 2
NEW YORK R 1 0 2 3
Shots
1 2 3 T
NASHVILLE 4 10 9 23
NEW YORK R 7 7 7 21

1st period

1. NEW YORK R , Jake DeBrusk 10 (Jonathan Marchessault 20, Seth Jones 37) at 7:15

Penalties :
Seth Jones (NYR) for Holding (Minor) at 5:03, Nolan Patrick (NSH) for High sticking (Minor) at 16:07, Adam Larsson (NSH) for Hooking (Minor) at 16:16

2nd period

2. NASHVILLE , Jason Dickinson 12 (J.T. Compher 19) at 7:21

Penalties :
Adam Larsson (NSH) for Hooking (Minor) at 8:00

3rd period

3. NEW YORK R , Bo Horvat 19 (Marc-Edouard Vlasic 24, Brett Pesce 23) at 0:31
4. NASHVILLE , Nolan Patrick 10 (Connor Carrick 9, Alex Chiasson 9) at 1:19
5. NEW YORK R , Tom Wilson 14 (Artemi Panarin 28, Colton Parayko 32) at 12:15

Penalties :
Jake DeBrusk (NYR) for Hooking (Minor) at 13:18, Tom Wilson (NYR) for Roughing (Minor) at 18:24

Goalie Stats

Joonas Korpisalo (NSH), 18 saves from 21 shots - (0.857), L, 15-21-4, 59:38 minutes
Frederik Andersen (NYR), 21 saves from 23 shots - (0.913), W, 28-16-9, 60:00 minutes

Players Stats for NASHVILLE

Player Name              G  A  P  +/- PIM S  H  SB GA TA FO     MP     PP MP  PK MP  
------------------------------------------------------------------------------------
Adam Larsson             0  0  0   0  4   0  5  0  0  0  0/0    19:19   2:55   0:08 
Alex Chiasson            0  1  1  -1  0   4  0  0  0  0  0/0    11:13   0:00   0:00 
Andrew Peeke             0  0  0   0  0   0  1  0  0  0  0/0    13:51   0:00   0:58 
Bobby Ryan               0  0  0  -1  0   2  1  0  0  0  0/1    11:13   0:00   0:00 
Brian Dumoulin           0  0  0   0  0   0  0  1  0  0  0/0    18:30   2:38   0:47 
Connor Carrick           0  1  1  -1  0   0  3  0  0  0  0/0    15:10   0:00   2:20 
Devin Shore              0  0  0  -1  0   2  0  0  0  0  6/9     9:26   0:00   0:00 
J.T. Compher             0  1  1   1  0   2  2  0  0  0  8/20   16:32   1:53   0:20 
Jared McCann             0  0  0   0  0   2  8  0  0  0  2/2    20:29   3:40   1:27 
Jason Dickinson          1  0  1   1  0   2  1  0  0  0  0/0    17:13   1:53   1:01 
Jeremy Lauzon            0  0  0  -1  0   0  0  0  0  0  0/0     7:36   0:00   0:56 
Jimmy Vesey              0  0  0   1  0   1  1  0  0  0  0/1    16:12   1:53   0:00 
Josh Leivo               0  0  0  -1  0   1  0  0  0  0  0/0     9:26   0:00   0:00 
Morgan Rielly            0  0  0   0  0   0  0  1  0  0  0/0    25:08   2:55   2:14 
Nicolas Hague            0  0  0   0  0   0  1  0  0  0  0/0    20:24   2:38   0:50 
Nolan Patrick            1  0  1  -1  2   2  0  0  0  0  9/13   12:05   0:00   0:53 
Paul Byron               0  0  0   0  0   1  0  0  0  0  0/1    19:22   3:40   0:20 
Sean Monahan             0  0  0   0  0   4  0  0  0  0  13/30  21:25   3:40   2:23 
Tage Thompson            0  0  0  -1  0   0  2  0  0  0  1/2     9:26   0:00   0:00 

Players Stats for NEW YORK R

Player Name              G  A  P  +/- PIM S  H  SB GA TA FO     MP     PP MP  PK MP  
------------------------------------------------------------------------------------
Andrew Cogliano          0  0  0   0  0   0  1  0  0  0  1/1    19:19   2:06   0:00 
Artemi Panarin           0  1  1   1  0   3  0  0  0  0  0/1    20:58   2:01   3:49 
Bo Horvat                1  0  1   0  0   4  1  0  0  0  15/23  21:03   2:06   1:44 
Brendan Lemieux          0  0  0   0  0   0  3  0  0  0  0/1     4:27   0:00   0:00 
Brett Pesce              0  1  1   0  0   0  3  0  0  0  0/0    19:49   2:47   2:29 
Cam Fowler               0  0  0  -1  0   0  1  1  0  0  0/0    14:59   0:00   0:00 
Colton Parayko           0  1  1   1  0   1  1  1  0  0  0/0    20:20   1:20   3:04 
Connor Brown             0  0  0   0  0   2  0  0  0  0  0/0    19:19   2:06   0:00 
Gabriel Vilardi          0  0  0   0  0   0  0  0  0  0  0/0     0:00   0:00   0:00 
Jake DeBrusk             1  0  1   0  2   1  0  0  0  0  0/0    13:31   0:00   0:00 
Jonathan Marchessault    0  1  1   0  0   0  2  0  0  0  5/16   14:38   0:00   1:06 
Karl Alzner              0  0  0   1  0   0  0  0  0  0  0/0     5:05   0:00   0:13 
Leon Draisaitl           0  0  0   1  0   3  1  0  0  0  16/29  24:51   2:01   3:15 
Marc-Edouard Vlasic      0  1  1   0  0   2  0  0  0  0  0/0    19:49   2:47   2:29 
Marcus Kruger            0  0  0   0  0   0  0  0  0  0  0/0    13:32   0:00   0:00 
Mike Matheson            0  0  0  -1  0   0  3  0  0  0  0/0    16:04   0:00   1:05 
Nico Hischier            0  0  0   0  0   1  0  0  0  0  3/7     4:27   0:00   0:00 
Sam Steel                0  0  0   0  0   0  0  0  0  0  0/0     0:00   0:00   0:00 
Seth Jones               0  1  1   2  2   1  2  2  0  0  0/0    23:53   1:20   1:46 
Tom Wilson               1  0  1   1  2   3  3  0  0  0  0/1    18:20   2:01   1:12 

3 Stars

1 - Tom Wilson (NYR)
2 - Jason Dickinson (NSH)
3 - Bo Horvat (NYR)

Power Play

NASHVILLE - 0 on 3 Attempt(s) - 0.00%
NEW YORK R - 0 on 3 Attempt(s) - 0.00%

Penalty Kill

NASHVILLE - 3 on 3 Attempt(s) - 100.00% - Score 0 goal in Penalty Kill
NEW YORK R - 3 on 3 Attempt(s) - 100.00% - Score 0 goal in Penalty Kill

Team Stat

NASHVILLE - Hits : 25 - Faceoff Wins : 39 - Blocked Shots : 2 - Penalty Minutes : 6
NEW YORK R - Hits : 21 - Faceoff Wins : 40 - Blocked Shots : 4 - Penalty Minutes : 6

Official

Referees : Robert Hennessey and Justin Ridenour
Linesman : Kevin Martin and Travis Toomey

Game Notes

No Game Note

Finance

Level 1 -- Attendance: 4000 (66.67%) -- Ticket Income $400,000
Level 2 -- Attendance: 3113 (62.26%) -- Ticket Income $217,910
Level 3 -- Attendance: 1185 (59.25%) -- Ticket Income $53,325
Level 4 -- Attendance: 4000 (100.00%) -- Ticket Income $80,000
Luxury Box -- Attendance: 960 (96.00%) -- Ticket Income $175,680
Game was played at the Madison Square Garden.
Total Attendance: 13258 (73.66%)
Total Ticket Income: $926,915
Total Income: $926,915

NASHVILLE

5 vs 5 Forward 
   Center                   Left Wing                Right Wing               Time % Phy DF OF 
 1 Sean Monahan             Paul Byron               Jared McCann             35     1   2  2  
 2 J.T. Compher             Jason Dickinson          Jimmy Vesey              30     1   2  2  
 3 Nolan Patrick            Alex Chiasson            Bobby Ryan               25     1   2  2  
 4 Devin Shore              Josh Leivo               Tage Thompson            10     1   2  2  

5 vs 5 Defense 
   Defense                  Defense                                           Time % Phy DF OF 
 1 Morgan Rielly            Adam Larsson                                      35     1   2  2  
 2 Brian Dumoulin           Nicolas Hague                                     30     1   2  2  
 3 Andrew Peeke             Connor Carrick                                    25     1   2  2  
 4 Jeremy Lauzon            Morgan Rielly                                     10     1   2  2  

PowerPlay Forward 
   Center                   Left Wing                Right Wing               Time % Phy DF OF 
 1 Sean Monahan             Paul Byron               Jared McCann             60     1   2  2  
 2 J.T. Compher             Jason Dickinson          Jimmy Vesey              40     1   2  2  

PowerPlay Defense
   Defense                  Defense                                           Time % Phy DF OF 
 1 Morgan Rielly            Adam Larsson                                      60     1   2  2  
 2 Brian Dumoulin           Nicolas Hague                                     40     1   2  2  

Penalty Kill 4 Players Forward 
   Center                   Wing                     Time % Phy DF OF 
 1 Sean Monahan             Jared McCann             60     1   2  2  
 2 Paul Byron               J.T. Compher             40     1   2  2  

Penalty Kill 4 Players Defense
   Defense                  Defense                  Time % Phy DF OF 
 1 Morgan Rielly            Adam Larsson             60     1   2  2  
 2 Brian Dumoulin           Nicolas Hague            40     1   2  2  

Penalty Kill - 3 Players Forward 
   Forward                                           Time % Phy DF OF 
 1 Sean Monahan                                      60     1   2  2  
 2 Jared McCann                                      40     1   2  2  

Penalty Kill - 3 Players Defense
   Defense                  Defense                  Time % Phy DF OF 
 1 Morgan Rielly            Adam Larsson             60     1   2  2  
 2 Brian Dumoulin           Nicolas Hague            40     1   2  2  

4 vs 4 Forward 
   Center                   Wing                     Time % Phy DF OF 
 1 Sean Monahan             Jared McCann             60     1   2  2  
 2 Paul Byron               J.T. Compher             40     1   2  2  

4 vs 4 Defense
   Defense                  Defense                  Time % Phy DF OF 
 1 Morgan Rielly            Adam Larsson             60     1   2  2  
 2 Brian Dumoulin           Nicolas Hague            40     1   2  2  

Last Minutes Offensive
   Center                   Left Wing                Right Wing               Defense                  Defense                  
   Sean Monahan             Paul Byron               Jared McCann             Morgan Rielly            Adam Larsson             

Last Minutes Defensive
   Center                   Left Wing                Right Wing               Defense                  Defense                  
   Sean Monahan             Paul Byron               Jared McCann             Morgan Rielly            Adam Larsson             

Goaltenders
Starting : Joonas Korpisalo         
Backup : Devan Dubnyk             

Extra Forwards
Normal : Bobby Ryan, Alex Chiasson, Nolan Patrick - PP : Bobby Ryan, Alex Chiasson - PK : Nolan Patrick
Extra Defensemen
Normal : Andrew Peeke, Connor Carrick, Jeremy Lauzon - PP : Andrew Peeke - PK : Connor Carrick, Jeremy Lauzon
Penalty Shots
Sean Monahan, Jared McCann, Paul Byron, J.T. Compher, Jason Dickinson

Scratches
Alexander Barabanov (Healthy), Alex Petrovic (Healthy), Henrik Lundqvist (Healthy), NSH Cap Hit (Suspend)

NEW YORK R

5 vs 5 Forward 
   Center                   Left Wing                Right Wing               Time % Phy DF OF 
 1 Leon Draisaitl           Artemi Panarin           Tom Wilson               35     1   2  2  
 2 Bo Horvat                Andrew Cogliano          Connor Brown             30     1   2  2  
 3 Jonathan Marchessault    Jake DeBrusk             Marcus Kruger            25     1   2  2  
 4 Nico Hischier            Brendan Lemieux          Leon Draisaitl           10     1   2  2  

5 vs 5 Defense 
   Defense                  Defense                                           Time % Phy DF OF 
 1 Seth Jones               Colton Parayko                                    35     1   2  2  
 2 Marc-Edouard Vlasic      Brett Pesce                                       30     1   2  2  
 3 Cam Fowler               Mike Matheson                                     25     1   2  2  
 4 Karl Alzner              Seth Jones                                        10     1   2  2  

PowerPlay Forward 
   Center                   Left Wing                Right Wing               Time % Phy DF OF 
 1 Leon Draisaitl           Artemi Panarin           Tom Wilson               60     1   2  2  
 2 Bo Horvat                Andrew Cogliano          Connor Brown             40     1   2  2  

PowerPlay Defense
   Defense                  Defense                                           Time % Phy DF OF 
 1 Seth Jones               Colton Parayko                                    60     1   2  2  
 2 Marc-Edouard Vlasic      Brett Pesce                                       40     1   2  2  

Penalty Kill 4 Players Forward 
   Center                   Wing                     Time % Phy DF OF 
 1 Leon Draisaitl           Artemi Panarin           60     1   2  2  
 2 Bo Horvat                Tom Wilson               40     1   2  2  

Penalty Kill 4 Players Defense
   Defense                  Defense                  Time % Phy DF OF 
 1 Seth Jones               Colton Parayko           60     1   2  2  
 2 Marc-Edouard Vlasic      Brett Pesce              40     1   2  2  

Penalty Kill - 3 Players Forward 
   Forward                                           Time % Phy DF OF 
 1 Leon Draisaitl                                    60     1   2  2  
 2 Artemi Panarin                                    40     1   2  2  

Penalty Kill - 3 Players Defense
   Defense                  Defense                  Time % Phy DF OF 
 1 Seth Jones               Colton Parayko           60     1   2  2  
 2 Marc-Edouard Vlasic      Brett Pesce              40     1   2  2  

4 vs 4 Forward 
   Center                   Wing                     Time % Phy DF OF 
 1 Leon Draisaitl           Artemi Panarin           60     1   2  2  
 2 Bo Horvat                Tom Wilson               40     1   2  2  

4 vs 4 Defense
   Defense                  Defense                  Time % Phy DF OF 
 1 Seth Jones               Colton Parayko           60     1   2  2  
 2 Marc-Edouard Vlasic      Brett Pesce              40     1   2  2  

Last Minutes Offensive
   Center                   Left Wing                Right Wing               Defense                  Defense                  
   Leon Draisaitl           Artemi Panarin           Tom Wilson               Seth Jones               Colton Parayko           

Last Minutes Defensive
   Center                   Left Wing                Right Wing               Defense                  Defense                  
   Leon Draisaitl           Artemi Panarin           Tom Wilson               Seth Jones               Colton Parayko           

Goaltenders
Starting : Frederik Andersen        
Backup : Craig Anderson           

Extra Forwards
Normal : Gabriel Vilardi, Sam Steel, Jonathan Marchessault - PP : Gabriel Vilardi, Sam Steel - PK : Jonathan Marchessault
Extra Defensemen
Normal : Cam Fowler, Mike Matheson, Karl Alzner - PP : Cam Fowler - PK : Mike Matheson, Karl Alzner
Penalty Shots
Leon Draisaitl, Artemi Panarin, Bo Horvat, Tom Wilson, Jonathan Marchessault

Scratches
Frederik Gauthier (Healthy)

% Time on Ice - NASHVILLE

Lines # - Real PCT - Wanted PCT - Time Play
Normal Forward
1 - 31% - 35% - 15:22
2 - 28% - 30% - 14:19
3 - 22% - 25% - 11:13
4 - 19% - 10% - 9:26
Normal Defense
1 - 32% - 35% - 16:17
2 - 30% - 30% - 15:05
3 - 24% - 25% - 12:18
4 - 13% - 10% - 6:40
PP Forward
1 - 66% - 60% - 3:40
2 - 34% - 40% - 1:53
PP Defense
1 - 53% - 60% - 2:55
2 - 47% - 40% - 2:38
PK Forward
1 - 85% - 60% - 1:57
2 - 15% - 40% - 0:20
PK Defense
1 - 72% - 60% - 1:39
2 - 28% - 40% - 0:38
PK3 Forward
1 - 72% - 60% - 1:19
2 - 28% - 40% - 0:31
PK3 Defense
1 - 100% - 60% - 1:50
2 - 0% - 40% - 0:00
44 Forward
1 - 0% - 60%
2 - 0% - 40%
44 Defense
1 - 0% - 60%
2 - 0% - 40%
Last Minute Offensive  - 0:00
Last Minute Defensive  - 0:00
Total
Forward - 60:00
Defense - 60:00

% Time on Ice - NEW YORK R

Lines # - Real PCT - Wanted PCT - Time Play
Normal Forward
1 - 30% - 35% - 15:08
2 - 34% - 30% - 17:13
3 - 27% - 25% - 13:32
4 - 9% - 10% - 4:27
Normal Defense
1 - 32% - 35% - 15:56
2 - 29% - 30% - 14:33
3 - 30% - 25% - 14:59
4 - 10% - 10% - 4:52
PP Forward
1 - 49% - 60% - 2:01
2 - 51% - 40% - 2:06
PP Defense
1 - 32% - 60% - 1:20
2 - 68% - 40% - 2:47
PK Forward
1 - 69% - 60% - 3:49
2 - 31% - 40% - 1:44
PK Defense
1 - 55% - 60% - 3:04
2 - 45% - 40% - 2:29
PK3 Forward
1 - 0% - 60%
2 - 0% - 40%
PK3 Defense
1 - 0% - 60%
2 - 0% - 40%
44 Forward
1 - 0% - 60%
2 - 0% - 40%
44 Defense
1 - 0% - 60%
2 - 0% - 40%
Last Minute Offensive  - 0:00
Last Minute Defensive  - 0:00
Total
Forward - 60:00
Defense - 60:00

Play-by-Play

1st period


0:01 of 1st period - Leon Draisaitl wins face-off versus Sean Monahan in neutral zone.
0:11 of 1st period - Shot by Tom Wilson.
0:11 of 1st period - Shot Misses the Net.
0:13 of 1st period - Shot by Leon Draisaitl.
0:13 of 1st period - Stopped by Joonas Korpisalo with a rebound.
0:17 of 1st period - Shot by Leon Draisaitl.
0:17 of 1st period - Shot Blocked by Morgan Rielly.
0:19 of 1st period - Shot by Artemi Panarin.
0:19 of 1st period - Shot Misses the Net.
0:21 of 1st period - Shot by Colton Parayko.
0:21 of 1st period - Stopped by Joonas Korpisalo without a rebound.
0:22 of 1st period - J.T. Compher wins face-off versus Bo Horvat in NASHVILLE zone.
0:34 of 1st period - Icing by Andrew Cogliano.
0:35 of 1st period - Nolan Patrick wins face-off versus Bo Horvat in NEW YORK R zone.
0:39 of 1st period - Icing by Marc-Edouard Vlasic.
0:40 of 1st period - Nolan Patrick wins face-off versus Bo Horvat in NEW YORK R zone.
0:49 of 1st period - Nolan Patrick is hit by Bo Horvat and loses puck.
1:51 of 1st period - Shot by J.T. Compher.
1:51 of 1st period - Shot Misses the Net.
2:03 of 1st period - Jimmy Vesey is hit by Jonathan Marchessault and loses puck.
2:18 of 1st period - Shot by Sean Monahan.
2:18 of 1st period - Stopped by Frederik Andersen without a rebound.
2:19 of 1st period - Leon Draisaitl wins face-off versus Sean Monahan in NEW YORK R zone.
2:19 of 1st period - Leon Draisaitl is hit by Jared McCann.
2:25 of 1st period - Shot by Tom Wilson.
2:25 of 1st period - Stopped by Joonas Korpisalo without a rebound.
2:26 of 1st period - Jared McCann wins face-off versus Leon Draisaitl in NASHVILLE zone.
2:53 of 1st period - Colton Parayko is hit by Jared McCann and loses puck.
3:25 of 1st period - Icing by Mike Matheson.
3:26 of 1st period - Devin Shore wins face-off versus Bo Horvat in NEW YORK R zone.
4:30 of 1st period - Shot by Jonathan Marchessault.
4:30 of 1st period - Shot Misses the Net.
4:33 of 1st period - Icing by Brian Dumoulin.
4:34 of 1st period - Nolan Patrick wins face-off versus Nico Hischier in NASHVILLE zone.
4:34 of 1st period - Brian Dumoulin is hit by Brendan Lemieux and loses puck.
4:46 of 1st period - Alex Chiasson is hit by Seth Jones and loses puck.
5:02 of 1st period - Icing by Karl Alzner.
5:03 of 1st period - J.T. Compher wins face-off versus Brendan Lemieux in NEW YORK R zone.
5:03 of 1st period - Minor Penalty to Seth Jones for Holding.
5:04 of 1st period - Leon Draisaitl wins face-off versus Paul Byron in NEW YORK R zone.
5:19 of 1st period - Shot by Sean Monahan.
5:19 of 1st period - Shot Misses the Net.
5:36 of 1st period - Shot by Leon Draisaitl.
5:36 of 1st period - Stopped by Joonas Korpisalo without a rebound.
5:37 of 1st period - Bo Horvat wins face-off versus J.T. Compher in NASHVILLE zone.
5:44 of 1st period - Shot by Tom Wilson.
5:44 of 1st period - Shot Misses the Net.
6:38 of 1st period - Icing by Morgan Rielly.
6:39 of 1st period - Sean Monahan wins face-off versus Leon Draisaitl in NASHVILLE zone.
6:41 of 1st period - Morgan Rielly is hit by Leon Draisaitl and loses puck.
7:13 of 1st period - Shot by Jonathan Marchessault.
7:13 of 1st period - Shot Misses the Net.
7:15 of 1st period - Shot by Jake DeBrusk.
7:15 of 1st period - Goal by Jake DeBrusk - NASHVILLE : 0 - NEW YORK R : 1.
7:16 of 1st period - Devin Shore wins face-off versus Bo Horvat in neutral zone.
8:16 of 1st period - Shot by Jason Dickinson.
8:16 of 1st period - Shot Misses the Net.
8:33 of 1st period - Shot by J.T. Compher.
8:33 of 1st period - Stopped by Frederik Andersen without a rebound.
8:34 of 1st period - Leon Draisaitl wins face-off versus Sean Monahan in NEW YORK R zone.
8:42 of 1st period - Icing by Colton Parayko.
8:43 of 1st period - Leon Draisaitl wins face-off versus Sean Monahan in NEW YORK R zone.
8:43 of 1st period - Leon Draisaitl is hit by Jared McCann.
9:08 of 1st period - Shot by Artemi Panarin.
9:08 of 1st period - Stopped by Joonas Korpisalo without a rebound.
9:09 of 1st period - Jonathan Marchessault wins face-off versus J.T. Compher in NASHVILLE zone.
9:18 of 1st period - Shot by J.T. Compher.
9:18 of 1st period - Stopped by Frederik Andersen without a rebound.
9:19 of 1st period - Nico Hischier wins face-off versus Nolan Patrick in NEW YORK R zone.
9:32 of 1st period - Shot by Bobby Ryan.
9:32 of 1st period - Stopped by Frederik Andersen without a rebound.
9:33 of 1st period - Jonathan Marchessault wins face-off versus Sean Monahan in NEW YORK R zone.
9:53 of 1st period - Jonathan Marchessault is hit by Adam Larsson and loses puck.
10:02 of 1st period - Shot by Jonathan Marchessault.
10:02 of 1st period - Shot Misses the Net.
10:25 of 1st period - Icing by Adam Larsson.
10:26 of 1st period - Sean Monahan wins face-off versus Leon Draisaitl in NASHVILLE zone.
10:50 of 1st period - Shot by Connor Carrick.
10:50 of 1st period - Shot Misses the Net.
11:12 of 1st period - Icing by J.T. Compher.
11:13 of 1st period - Bo Horvat wins face-off versus Jimmy Vesey in NASHVILLE zone.
11:25 of 1st period - Jimmy Vesey is hit by Andrew Cogliano and loses puck.
11:39 of 1st period - Andrew Cogliano is hit by Andrew Peeke and loses puck.
11:53 of 1st period - Bo Horvat is hit by Connor Carrick and loses puck.
12:24 of 1st period - Shot by Jake DeBrusk.
12:24 of 1st period - Shot Blocked by Brian Dumoulin.
12:47 of 1st period - Nolan Patrick is hit by Mike Matheson and loses puck.
13:26 of 1st period - Sean Monahan is hit by Seth Jones and loses puck.
13:33 of 1st period - Shot by Paul Byron.
13:33 of 1st period - Shot Misses the Net.
14:12 of 1st period - Bo Horvat is hit by Tage Thompson and loses puck.
14:25 of 1st period - Shot by Bo Horvat.
14:25 of 1st period - Shot Misses the Net.
14:54 of 1st period - Tage Thompson is hit by Brendan Lemieux and loses puck.
15:55 of 1st period - Jake DeBrusk is hit by Adam Larsson.
16:04 of 1st period - Icing by Adam Larsson.
16:05 of 1st period - Nolan Patrick wins face-off versus Bo Horvat in NASHVILLE zone.
16:07 of 1st period - Minor Penalty to Nolan Patrick for High sticking.
16:08 of 1st period - Bo Horvat wins face-off versus Sean Monahan in NASHVILLE zone.
16:16 of 1st period - Minor Penalty to Adam Larsson for Hooking.
16:17 of 1st period - Bo Horvat wins face-off versus Sean Monahan in NASHVILLE zone.
16:52 of 1st period - Shot by Connor Brown.
16:52 of 1st period - Shot Misses the Net.
17:23 of 1st period - Colton Parayko is hit by Jared McCann and loses puck.
17:40 of 1st period - Shot by Seth Jones.
17:40 of 1st period - Stopped by Joonas Korpisalo without a rebound.
17:41 of 1st period - Bo Horvat wins face-off versus Sean Monahan in NASHVILLE zone.
18:53 of 1st period - Icing by Cam Fowler.
18:54 of 1st period - Nolan Patrick wins face-off versus Jonathan Marchessault in NEW YORK R zone.
18:55 of 1st period - Shot by Brian Dumoulin.
18:55 of 1st period - Shot Misses the Net.
19:21 of 1st period - Off-side.
19:22 of 1st period - Leon Draisaitl wins face-off versus Devin Shore in neutral zone.
19:28 of 1st period - Artemi Panarin is hit by Adam Larsson.
19:37 of 1st period - Devin Shore is hit by Colton Parayko and loses puck.
Goals for this period are 0 for NASHVILLE vs 1 for NEW YORK R.
Shots for this period are 4 for NASHVILLE vs 7 for NEW YORK R.

2nd period


0:01 of 2nd period - Sean Monahan wins face-off versus Leon Draisaitl in neutral zone.
0:10 of 2nd period - Shot by Sean Monahan.
0:10 of 2nd period - Shot Misses the Net.
0:24 of 2nd period - Shot by Jared McCann.
0:24 of 2nd period - Shot Blocked by Seth Jones.
0:26 of 2nd period - Shot by Brian Dumoulin.
0:26 of 2nd period - Shot Blocked by Colton Parayko.
0:54 of 2nd period - Shot by Marc-Edouard Vlasic.
0:54 of 2nd period - Stopped by Joonas Korpisalo without a rebound.
0:55 of 2nd period - Bo Horvat wins face-off versus J.T. Compher in NASHVILLE zone.
1:33 of 2nd period - Shot by Bo Horvat.
1:33 of 2nd period - Stopped by Joonas Korpisalo with a rebound.
1:35 of 2nd period - Shot by Connor Brown.
1:35 of 2nd period - Stopped by Joonas Korpisalo without a rebound.
1:36 of 2nd period - Jonathan Marchessault wins face-off versus Bobby Ryan in NASHVILLE zone.
1:53 of 2nd period - Shot by Alex Chiasson.
1:53 of 2nd period - Stopped by Frederik Andersen without a rebound.
1:54 of 2nd period - Tage Thompson wins face-off versus Leon Draisaitl in NEW YORK R zone.
1:55 of 2nd period - Shot by Devin Shore.
1:55 of 2nd period - Shot Misses the Net.
2:33 of 2nd period - Icing by Nicolas Hague.
2:34 of 2nd period - Devin Shore wins face-off versus Bo Horvat in NASHVILLE zone.
2:52 of 2nd period - Off-side.
2:53 of 2nd period - J.T. Compher wins face-off versus Jonathan Marchessault in neutral zone.
3:25 of 2nd period - Shot by Jimmy Vesey.
3:25 of 2nd period - Stopped by Frederik Andersen without a rebound.
3:26 of 2nd period - Leon Draisaitl wins face-off versus Sean Monahan in NEW YORK R zone.
4:02 of 2nd period - Colton Parayko is hit by Jared McCann and loses puck.
4:21 of 2nd period - Shot by Alex Chiasson.
4:21 of 2nd period - Shot Blocked by Seth Jones.
4:48 of 2nd period - Shot by Alex Chiasson.
4:48 of 2nd period - Stopped by Frederik Andersen without a rebound.
4:49 of 2nd period - Bo Horvat wins face-off versus J.T. Compher in NEW YORK R zone.
6:16 of 2nd period - Shot by Jake DeBrusk.
6:16 of 2nd period - Shot Misses the Net.
6:23 of 2nd period - Icing by Adam Larsson.
6:24 of 2nd period - Sean Monahan wins face-off versus Nico Hischier in NASHVILLE zone.
6:36 of 2nd period - Icing by Seth Jones.
6:37 of 2nd period - Nolan Patrick wins face-off versus Nico Hischier in NEW YORK R zone.
6:55 of 2nd period - Leon Draisaitl is hit by Nicolas Hague.
6:59 of 2nd period - Shot by Nico Hischier.
6:59 of 2nd period - Stopped by Joonas Korpisalo without a rebound.
7:00 of 2nd period - J.T. Compher wins face-off versus Jonathan Marchessault in NASHVILLE zone.
7:05 of 2nd period - Shot by Andrew Peeke.
7:05 of 2nd period - Shot Misses the Net.
7:08 of 2nd period - Icing by Cam Fowler.
7:09 of 2nd period - J.T. Compher wins face-off versus Jonathan Marchessault in NEW YORK R zone.
7:19 of 2nd period - Shot by J.T. Compher.
7:19 of 2nd period - Shot Misses the Net.
7:21 of 2nd period - Shot by Jason Dickinson.
7:21 of 2nd period - Goal by Jason Dickinson - NASHVILLE : 1 - NEW YORK R : 1.
7:22 of 2nd period - Bo Horvat wins face-off versus Sean Monahan in neutral zone.
8:00 of 2nd period - Minor Penalty to Adam Larsson for Hooking.
8:01 of 2nd period - Sean Monahan wins face-off versus Leon Draisaitl in NASHVILLE zone.
8:28 of 2nd period - Shot by Artemi Panarin.
8:28 of 2nd period - Stopped by Joonas Korpisalo with a rebound.
10:00 of 2nd period - Shot by Tom Wilson.
10:00 of 2nd period - Shot Misses the Net.
10:07 of 2nd period - Icing by Brian Dumoulin.
10:08 of 2nd period - Devin Shore wins face-off versus Jonathan Marchessault in NASHVILLE zone.
10:53 of 2nd period - Shot by Nolan Patrick.
10:53 of 2nd period - Shot Misses the Net.
11:03 of 2nd period - Shot by Nolan Patrick.
11:03 of 2nd period - Stopped by Frederik Andersen without a rebound.
11:04 of 2nd period - Bo Horvat wins face-off versus J.T. Compher in NEW YORK R zone.
11:04 of 2nd period - Connor Brown is hit by J.T. Compher and loses puck.
11:32 of 2nd period - Shot by Connor Brown.
11:32 of 2nd period - Shot Misses the Net.
11:45 of 2nd period - Connor Brown is hit by Connor Carrick and loses puck.
12:17 of 2nd period - Icing by Leon Draisaitl.
12:18 of 2nd period - Sean Monahan wins face-off versus Tom Wilson in NEW YORK R zone.
12:42 of 2nd period - Icing by Adam Larsson.
12:43 of 2nd period - Jonathan Marchessault wins face-off versus Sean Monahan in NASHVILLE zone.
12:43 of 2nd period - Jake DeBrusk is hit by Adam Larsson and loses puck.
12:54 of 2nd period - Shot by Marcus Kruger.
12:54 of 2nd period - Shot Misses the Net.
13:34 of 2nd period - Shot by Alex Chiasson.
13:34 of 2nd period - Stopped by Frederik Andersen without a rebound.
13:35 of 2nd period - Nico Hischier wins face-off versus Tage Thompson in NEW YORK R zone.
13:52 of 2nd period - Shot by Josh Leivo.
13:52 of 2nd period - Stopped by Frederik Andersen without a rebound.
13:53 of 2nd period - Bo Horvat wins face-off versus Nolan Patrick in NEW YORK R zone.
14:39 of 2nd period - Off-side.
14:40 of 2nd period - Leon Draisaitl wins face-off versus Sean Monahan in neutral zone.
14:45 of 2nd period - Shot by Leon Draisaitl.
14:45 of 2nd period - Shot Misses the Net.
14:53 of 2nd period - Icing by Seth Jones.
14:54 of 2nd period - Leon Draisaitl wins face-off versus J.T. Compher in NEW YORK R zone.
15:09 of 2nd period - Shot by Jason Dickinson.
15:09 of 2nd period - Stopped by Frederik Andersen without a rebound.
15:10 of 2nd period - Sean Monahan wins face-off versus Jonathan Marchessault in NEW YORK R zone.
15:13 of 2nd period - Shot by Sean Monahan.
15:13 of 2nd period - Shot Misses the Net.
16:10 of 2nd period - Icing by Nicolas Hague.
16:11 of 2nd period - Leon Draisaitl wins face-off versus J.T. Compher in NASHVILLE zone.
17:19 of 2nd period - Shot by Bobby Ryan.
17:19 of 2nd period - Stopped by Frederik Andersen without a rebound.
17:20 of 2nd period - Bo Horvat wins face-off versus Sean Monahan in NEW YORK R zone.
17:35 of 2nd period - Shot by Bo Horvat.
17:35 of 2nd period - Stopped by Joonas Korpisalo without a rebound.
17:36 of 2nd period - Devin Shore wins face-off versus Jonathan Marchessault in NASHVILLE zone.
18:00 of 2nd period - Devin Shore is hit by Brett Pesce and loses puck.
18:07 of 2nd period - Shot by Devin Shore.
18:07 of 2nd period - Stopped by Frederik Andersen without a rebound.
18:08 of 2nd period - Andrew Cogliano wins face-off versus Sean Monahan in NEW YORK R zone.
18:17 of 2nd period - Shot by Jared McCann.
18:17 of 2nd period - Shot Misses the Net.
18:56 of 2nd period - Icing by Nicolas Hague.
18:57 of 2nd period - Jared McCann wins face-off versus Leon Draisaitl in NASHVILLE zone.
19:28 of 2nd period - Shot by Leon Draisaitl.
19:28 of 2nd period - Stopped by Joonas Korpisalo without a rebound.
19:29 of 2nd period - Jonathan Marchessault wins face-off versus J.T. Compher in NASHVILLE zone.
Goals for this period are 1 for NASHVILLE vs 0 for NEW YORK R.
Shots for this period are 10 for NASHVILLE vs 7 for NEW YORK R.

3rd period


0:01 of 3rd period - Sean Monahan wins face-off versus Leon Draisaitl in neutral zone.
0:01 of 3rd period - Sean Monahan is hit by Tom Wilson.
0:15 of 3rd period - Shot by Sean Monahan.
0:15 of 3rd period - Shot Misses the Net.
0:17 of 3rd period - Shot by Jared McCann.
0:17 of 3rd period - Stopped by Frederik Andersen without a rebound.
0:18 of 3rd period - Bo Horvat wins face-off versus Nolan Patrick in NEW YORK R zone.
0:31 of 3rd period - Shot by Bo Horvat.
0:31 of 3rd period - Goal by Bo Horvat - NASHVILLE : 1 - NEW YORK R : 2.
0:32 of 3rd period - Sean Monahan wins face-off versus Leon Draisaitl in neutral zone.
0:53 of 3rd period - Shot by Jared McCann.
0:53 of 3rd period - Stopped by Frederik Andersen without a rebound.
0:54 of 3rd period - Bo Horvat wins face-off versus Nolan Patrick in NEW YORK R zone.
1:19 of 3rd period - Shot by Nolan Patrick.
1:19 of 3rd period - Goal by Nolan Patrick - NASHVILLE : 2 - NEW YORK R : 2.
1:20 of 3rd period - Leon Draisaitl wins face-off versus J.T. Compher in neutral zone.
1:20 of 3rd period - Leon Draisaitl is hit by Jason Dickinson.
1:48 of 3rd period - Shot by Artemi Panarin.
1:48 of 3rd period - Shot Misses the Net.
2:35 of 3rd period - Brett Pesce is hit by Jared McCann and loses puck.
2:39 of 3rd period - Off-side.
2:40 of 3rd period - Nolan Patrick wins face-off versus Jonathan Marchessault in neutral zone.
2:52 of 3rd period - Shot by Alex Chiasson.
2:52 of 3rd period - Shot Misses the Net.
2:54 of 3rd period - Shot by Connor Carrick.
2:54 of 3rd period - Shot Misses the Net.
2:56 of 3rd period - Shot by Alex Chiasson.
2:56 of 3rd period - Stopped by Frederik Andersen without a rebound.
2:57 of 3rd period - Bo Horvat wins face-off versus Devin Shore in NEW YORK R zone.
2:57 of 3rd period - Bo Horvat is hit by Tage Thompson.
3:33 of 3rd period - Shot by Connor Brown.
3:33 of 3rd period - Stopped by Joonas Korpisalo with a rebound.
3:35 of 3rd period - Shot by Bo Horvat.
3:35 of 3rd period - Shot Misses the Net.
3:37 of 3rd period - Shot by Marc-Edouard Vlasic.
3:37 of 3rd period - Stopped by Joonas Korpisalo without a rebound.
3:38 of 3rd period - Sean Monahan wins face-off versus Leon Draisaitl in NASHVILLE zone.
3:47 of 3rd period - Shot by Sean Monahan.
3:47 of 3rd period - Stopped by Frederik Andersen with a rebound.
3:53 of 3rd period - Leon Draisaitl is hit by Jared McCann and loses puck.
3:57 of 3rd period - Icing by Colton Parayko.
3:58 of 3rd period - Leon Draisaitl wins face-off versus J.T. Compher in NEW YORK R zone.
4:00 of 3rd period - Tom Wilson is hit by J.T. Compher and loses puck.
4:14 of 3rd period - Shot by Tom Wilson.
4:14 of 3rd period - Stopped by Joonas Korpisalo without a rebound.
4:15 of 3rd period - Nolan Patrick wins face-off versus Jonathan Marchessault in NASHVILLE zone.
5:12 of 3rd period - Seth Jones is hit by Adam Larsson and loses puck.
5:27 of 3rd period - Colton Parayko is hit by Bobby Ryan and loses puck.
5:58 of 3rd period - Shot by Bo Horvat.
5:58 of 3rd period - Shot Hit the Post.
7:06 of 3rd period - Icing by Nicolas Hague.
7:07 of 3rd period - J.T. Compher wins face-off versus Nico Hischier in NASHVILLE zone.
7:07 of 3rd period - J.T. Compher is hit by Brendan Lemieux.
9:16 of 3rd period - Shot by Sean Monahan.
9:16 of 3rd period - Stopped by Frederik Andersen without a rebound.
9:17 of 3rd period - Nolan Patrick wins face-off versus Leon Draisaitl in NEW YORK R zone.
9:38 of 3rd period - Leon Draisaitl is hit by Connor Carrick and loses puck.
10:28 of 3rd period - Jared McCann is hit by Mike Matheson and loses puck.
10:57 of 3rd period - Shot by J.T. Compher.
10:57 of 3rd period - Shot Misses the Net.
10:59 of 3rd period - Shot by Nicolas Hague.
10:59 of 3rd period - Shot Blocked by Cam Fowler.
11:12 of 3rd period - J.T. Compher is hit by Cam Fowler and loses puck.
11:23 of 3rd period - Shot by Jason Dickinson.
11:23 of 3rd period - Deflect By Jimmy Vesey.
11:23 of 3rd period - Shot Misses the Net.
11:40 of 3rd period - Devin Shore is hit by Mike Matheson and loses puck.
11:43 of 3rd period - Shot by Devin Shore.
11:43 of 3rd period - Stopped by Frederik Andersen without a rebound.
11:44 of 3rd period - Leon Draisaitl wins face-off versus Devin Shore in NEW YORK R zone.
12:13 of 3rd period - Shot by Artemi Panarin.
12:13 of 3rd period - Stopped by Joonas Korpisalo with a rebound.
12:15 of 3rd period - Shot by Tom Wilson.
12:15 of 3rd period - Goal by Tom Wilson - NASHVILLE : 2 - NEW YORK R : 3.
12:16 of 3rd period - Sean Monahan wins face-off versus Jonathan Marchessault in neutral zone.
12:30 of 3rd period - Shot by Paul Byron.
12:30 of 3rd period - Stopped by Frederik Andersen without a rebound.
12:31 of 3rd period - Nico Hischier wins face-off versus J.T. Compher in NEW YORK R zone.
12:31 of 3rd period - Nico Hischier is hit by Jimmy Vesey.
13:18 of 3rd period - Minor Penalty to Jake DeBrusk for Hooking.
13:19 of 3rd period - Leon Draisaitl wins face-off versus Sean Monahan in NEW YORK R zone.
13:19 of 3rd period - Leon Draisaitl is hit by Jared McCann.
13:26 of 3rd period - Icing by Nicolas Hague.
13:27 of 3rd period - Leon Draisaitl wins face-off versus Sean Monahan in NASHVILLE zone.
13:36 of 3rd period - Shot by Sean Monahan.
13:36 of 3rd period - Stopped by Frederik Andersen without a rebound.
13:37 of 3rd period - Leon Draisaitl wins face-off versus Sean Monahan in NEW YORK R zone.
13:48 of 3rd period - Shot by Brian Dumoulin.
13:48 of 3rd period - Shot Misses the Net.
14:30 of 3rd period - Morgan Rielly is hit by Tom Wilson and loses puck.
14:55 of 3rd period - Icing by Morgan Rielly.
14:56 of 3rd period - J.T. Compher wins face-off versus Jonathan Marchessault in NASHVILLE zone.
14:56 of 3rd period - J.T. Compher is hit by Jonathan Marchessault.
17:07 of 3rd period - Icing by Morgan Rielly.
17:08 of 3rd period - Devin Shore wins face-off versus Leon Draisaitl in NASHVILLE zone.
17:08 of 3rd period - Devin Shore is hit by Tom Wilson.
17:17 of 3rd period - Off-side.
17:18 of 3rd period - Bo Horvat wins face-off versus J.T. Compher in neutral zone.
17:39 of 3rd period - Shot by Bo Horvat.
17:39 of 3rd period - Shot Misses the Net.
18:24 of 3rd period - Minor Penalty to Tom Wilson for Roughing.
18:25 of 3rd period - Sean Monahan wins face-off versus Leon Draisaitl in NEW YORK R zone.
18:52 of 3rd period - Sean Monahan is hit by Brett Pesce and loses puck.
19:18 of 3rd period - Icing by J.T. Compher.
19:19 of 3rd period - J.T. Compher wins face-off versus Bo Horvat in NASHVILLE zone.
19:28 of 3rd period - Shot by Bo Horvat.
19:28 of 3rd period - Stopped by Joonas Korpisalo without a rebound.
19:29 of 3rd period - Sean Monahan wins face-off versus Artemi Panarin in NASHVILLE zone.
19:38 of 3rd period - NASHVILLE, Joonas Korpisalo is pulled from the net.
19:53 of 3rd period - Morgan Rielly is hit by Brett Pesce and loses puck.
19:58 of 3rd period - Shot by Sean Monahan.
19:58 of 3rd period - Shot Misses the Net.
Goals for this period are 1 for NASHVILLE vs 2 for NEW YORK R.
Shots for this period are 9 for NASHVILLE vs 7 for NEW YORK R.